 Dungeon Crawl Stone Soup version 0.26-a0-30-g56b8cd3df0 (webtiles) character file.

Game seed: 63143687951127664, levelgen mode: deterministic

96 Lugonue the Stinger (level 4, -4/24 HPs)
             Began as a Gargoyle Venom Mage on June 2, 2020.
             Slain by Crazy Yiuf
             ... wielding a +4 quarterstaff of chaos
              (5 damage)
             ... on level 2 of the Dungeon.
             The game lasted 00:03:59 (2799 turns).

Lugonue the Stinger (Gargoyle Venom Mage)           Turns: 2799, Time: 00:04:00

Health: -4/24      AC:  5    Str: 12    XL:     4   Next: 67%
Magic:  3/8        EV: 12    Int: 16    God:
Gold:   95         SH:  0    Dex: 10    Spells: 5/8 levels left

rFire    . . .     SeeInvis .     - Unarmed
rCold    . . .     Gourm    .   (no shield)
rNeg     + . .     Faith    .   a - +0 robe
rPois    ∞         Spirit   .   (no helmet)
rElec    +         Reflect  .   (no cloak)
rCorr    .         Harm     .   (no gloves)
MR       .....                  (no boots)
Stlth    ++........             (no amulet)
HPRegen  0.08/turn              (no ring)
MPRegen  0.11/turn              (no ring)

@: very slightly contaminated
A: negative energy resistance 1, electricity resistance, unbreathing,
petrification resistance, rot immunity, AC +3
a: no special abilities


You were on level 2 of the Dungeon.
You were very full.

You visited 1 branch of the dungeon, and saw 2 of its levels.

You collected 95 gold pieces.

Inventory:

Missiles
 f - 6 silver javelins (quivered)
Armour
 a - a +0 robe (worn)
 b - a +0 kite shield
Scrolls
 d - a scroll of remove curse {unknown}
 e - a scroll of identify {unknown}
Potions
 g - a potion of berserk rage {unknown}
 h - a potion of heal wounds {unknown}
Comestibles
 c - 2 rations
 i - a chunk of flesh


   Skills:
 + Level 0.5 Fighting
 - Level 1.5 Dodging
 - Level 2.1 Stealth
 + Level 1.0 Unarmed Combat
 + Level 2.8 Spellcasting
 - Level 0.7 Transmutations
 + Level 4.4 Poison Magic


You had 5 spell levels left.
You knew the following spells:

 Your Spells              Type           Power        Failure   Level  Hunger
a - Sting                 Tmut/Pois      ##..         7%          1    #......
b - Poisonous Vapours     Pois/Air       #.....       12%         2    ##.....

Your spell library contained the following spells:

 Spells                   Type           Power        Failure   Level  Hunger
 Ignite Poison            Fire/Tmut/Pois #.......     28%         3    ###....
 Mephitic Cloud           Conj/Pois/Air  #.......     30%         3    ###....
 Olgreb's Toxic Radiance  Pois           ###.....     30%         4    #####..


Dungeon Overview and Level Annotations

Branches:
Dungeon (2/15)

Altars:

Annotations:
D:2 Crazy Yiuf


Innate Abilities, Weirdness & Mutations

You are resistant to torment.
Your stone body is resilient. (AC +3)
You are immune to poison.
You resist negative energy. (rN+)
You are resistant to electric shocks. (rElec)
You can survive without breathing.
You are immune to petrification.
You are immune to rotting.


Message History

Press: ? - help, Dir - move target cursor, f/p - Crazy Yiuf
Aim: Crazy Yiuf, wielding a +4 quarterstaff of chaos and wearing a cursed +0 cloak Poisonous vapours surround Crazy Yiuf!
Crazy Yiuf is engulfed in poison gas.
Crazy Yiuf is poisoned.
Crazy Yiuf hits you with a +4 quarterstaff of chaos!
Crazy Yiuf burns you.
Crazy Yiuf screams, "Flower noodlescoop snockshim!"
Crazy Yiuf glowers.
Crazy Yiuf whimpers, "Orb fast agre!"
Casting: Poisonous Vapours (safe; 12% risk of failure)
Confirm with . or Enter, or press ? or * to list all spells.
Aiming: Sting (safe; 7% risk of failure)
Press: ? - help, Shift-Dir - straight line, f/p - Crazy Yiuf
Aim: Crazy Yiuf, wielding a +4 quarterstaff of chaos and wearing a cursed +0 cloak (moderately wounded, poisoned)
The sting hits Crazy Yiuf.
Crazy Yiuf looks even sicker.
Crazy Yiuf is heavily wounded.
Crazy Yiuf hits you with a +4 quarterstaff of chaos!
* * * LOW HITPOINT WARNING * * *
Crazy Yiuf burns you.
You die...

#)))#
##...# )))
#...# #'#
#...# ♣♣)♣
#...# ♣)♣♣
#...# ♣♣)♣
#...# ♣)♣♣
##'## #####
♣♣)♣♣ ###.#
....#
♣)..♣♣
#.@.# #####
♣.P..♣
#g### #
#....# #.#
#
##..#####.#
#
#........#
#
##...#####
# ##### #


You could see Crazy Yiuf (very poisoned).

Vanquished Creatures
  2 adders (D:2)
  An ooze (D:1)
  4 worms (D:2)
  4 dart slugs
  9 bats
  3 giant cockroaches
  3 goblins
  6 hobgoblins
  A quokka (D:2)
  A ball python (D:2)
  6 frilled lizards
  11 kobolds
  7 rats
58 creatures vanquished.

Notes
Turn   | Place    | Note
-------+----------+-------------------------------------------
     0 | D:1      | Lugonue the Gargoyle Venom Mage began the quest for the
                  | Orb.
     0 | D:1      | Reached XP level 1. HP: 10/10 MP: 3/3
   245 | D:1      | Reached XP level 2. HP: 9/15 MP: 0/5
   416 | D:1      | Learned a level 2 spell: Poisonous Vapours
   838 | D:1      | Reached XP level 3. HP: 18/19 MP: 3/6
   907 | D:1      | Reached skill level 4 in Poison Magic
  1580 | D:2      | Reached XP level 4. HP: 12/24 MP: 1/7
  2002 | D:2      | Reached skill level 1 in Unarmed Combat
  2773 | D:2      | Found a runed translucent door.
  2774 | D:2      | Noticed Crazy Yiuf
  2799 | D:2      | HP: 1/24 [Crazy Yiuf/+4 quarterstaff of chaos (10)]
  2799 | D:2      | Slain by Crazy Yiuf

Illustrated notes

Levels and vault maps discovered:
D:1:      saegor_arrival_simple_d, layout_basic, hangedman_feature_mirror
D:2:      layout_basic, nicolae_overflow_hidden_temple, first_ration,
          minmay_diced_spiral, uniq_crazy_yiuf_cottage

Skill      XL: |  1  2  3  4 |
---------------+-------------+-----
Poison Magic   | 4 |  4.4
Unarmed Combat | 1 |  1.0
Fighting       | |  0.5
Dodging        | |  1.5
Stealth        | |  2.1
Spellcasting   | |  2.8
Transmutations | |  0.7

Action                   |  1- 3 |  4- 6 || total
-------------------------+-------+-------++-------
Melee: Unarmed           |    84 |    61 ||   145
 Cast: Sting             |    43 |    25 ||    68
       Poisonous Vapours |     3 |     7 ||    10
 Stab: Sleeping          |     2 |       ||     2
  Eat: Chunk             |     2 |     2 ||     4
       Ration            |       |     4 ||     4
Armor: Robe              |    55 |    12 ||    67
Dodge: Dodged            |   104 |    55 ||   159

Table legend:
 A = Non-vault XP
 B = Vault XP
 C = Vault XP percentage of total XP
 D = Non-vault monster count
 E = Vault monster count
 F = Vault count percentage of total count
                 A         B        C        D         E       F
            +---------+---------+-------+---------+---------+-------
      Total |     123 |      15 |  10.9 |      49 |       9 |  15.5
            +---------+---------+-------+---------+---------+-------
        D:1 |      54 |       7 |  11.5 |      28 |       6 |  17.6
        D:2 |      69 |       8 |  10.4 |      21 |       3 |  12.5
            +---------+---------+-------+---------+---------+-------
